 Dungeon Crawl Stone Soup version 0.22.0-49-gab54619674 (webtiles) character file.

167 Riddle the Digger (level 5, -5/37 HPs)
             Began as a Gnoll Earth Elementalist on Sept 6, 2018.
             Was a Follower of Cheibriados.
             Slain by a hippogriff (7 damage)
             ... on level 2 of the Dungeon.
             The game lasted 00:09:50 (2337 turns).

Riddle the Digger (Gnoll Earth Elementalist)        Turns: 2337, Time: 00:09:52

Health: -5/37      AC:  4    Str: 13    XL:     5   Next: 48%
Magic:  10/12      EV: 15    Int: 19    God:    Cheibriados [*.....]
Gold:   150        SH:  0    Dex: 18    Spells: 11/14 levels left

rFire    . . .     SeeInvis .   t - +0 whip
rCold    . . .     Gourm    .   (no shield)
rNeg     . . .     Faith    .   m - +0 leather armour
rPois    .         Spirit   .   (no helmet)
rElec    .         Reflect  .   (no cloak)
rCorr    .         Harm     .   a - +0 pair of gloves (curse)
MR       .....     Rnd*Tele +   (no boots)
Stlth    +++.......             (no amulet)
HPRegen  0.12/turn              l - ring of wizardry
MPRegen  0.13/turn              p - ring of teleportation (curse)

@: very slow
A: distributed training, fangs 1, strong nose
a: Bend Time, Renounce Religion


You were on level 2 of the Dungeon.
You worshipped Cheibriados.
Cheibriados was aware of your devotion.
You were not hungry.

You visited 1 branch of the dungeon, and saw 3 of its levels.

You collected 150 gold pieces.

Inventory:

Hand Weapons
 k - a +0 club
 t - a +0 whip (weapon)
Armour
 a - a cursed +0 pair of gloves (worn)
 m - a +0 leather armour (worn)
Jewellery
 l - a ring of wizardry (left hand)
 p - a cursed ring of teleportation (right hand)
Scrolls
 e - a scroll of enchant weapon {unknown}
 f - 2 scrolls of fear {unknown}
 h - 2 scrolls of identify {unknown}
 i - 2 scrolls of remove curse {unknown}
Potions
 j - a potion of might {unknown}
 n - a potion of brilliance {unknown}
 o - a potion of agility {unknown}
 q - a potion of lignification {unknown}
 r - a potion of curing {unknown}
 s - a potion of resistance {unknown}
Comestibles
 b - 2 chunks of flesh
 d - 8 rations


   Skills:
 + Level 1.4 Fighting
 + Level 1.4 Short Blades
 + Level 1.4 Long Blades
 + Level 1.4 Axes
 + Level 1.4 Maces & Flails
 + Level 1.4 Polearms
 + Level 1.4 Staves
 + Level 1.4 Slings
 + Level 1.4 Bows
 + Level 1.4 Crossbows
 + Level 1.4 Throwing
 + Level 1.4 Armour
 + Level 4.8 Dodging
 + Level 4.4 Stealth
 + Level 1.4 Shields
 + Level 1.4 Unarmed Combat
 + Level 5.2 Spellcasting
 + Level 1.1 Conjurations
 + Level 1.1 Hexes
 + Level 1.1 Charms
 + Level 1.1 Summonings
 + Level 1.1 Necromancy
 + Level 1.1 Translocations
 + Level 2.4 Transmutations
 + Level 1.1 Fire Magic
 + Level 1.1 Ice Magic
 + Level 1.1 Air Magic
 + Level 5.5 Earth Magic
 + Level 1.1 Poison Magic
 + Level 1.6 Invocations
 + Level 1.4 Evocations


You had 11 spell levels left.
You knew the following spells:

 Your Spells              Type           Power        Failure   Level  Hunger
a - Sandblast             Erth           ####..       1%          1    None
b - Passwall              Tmut/Erth      ###.....     1%          2    #......

Your spell library contained the following spells:

 Spells                   Type           Power        Failure   Level  Hunger
 Stone Arrow              Conj/Erth      ###...       4%          3    ##.....
 Petrify                  Tmut/Erth      ###.....     12%         4    ####...
 Lee's Rapid Deconstruct  Erth           ####......   17%         5    ######.


Dungeon Overview and Level Annotations

Branches:
Dungeon (3/15)

Altars:
Cheibriados
Trog
Uskayaw
Yredelemnul


Innate Abilities, Weirdness & Mutations

Your experience applies equally to all skills.
You have very sharp teeth.
Your uncanny sense of smell can sniff out nearby items.


Message History

The hippogriff misses you. The hippogriff closely misses you.
The hippogriff barely misses you.
The hippogriff claws you but does no damage.
The hippogriff closely misses you. x2; The hippogriff completely misses you.
The hippogriff misses you. The hippogriff barely misses you.
The hippogriff claws you.
* * * LOW HITPOINT WARNING * * *
Casting: Sandblast (safe; 1% risk of failure)
Confirm with . or Enter, or press ? or * to list all spells.
Aiming: Passwall (safe; 1% risk of failure)
Press: ? - help, Dir - move target cursor You can't see that place. [the floor.]
The hippogriff misses you. x2; The hippogriff claws you.
* * * LOW HITPOINT WARNING * * *
You begin to meditate on the wall.
You continue meditating on the rock.
The hippogriff bites you.
* * * LOW HITPOINT WARNING * * *
The hippogriff misses you. The hippogriff claws you!
You die...

#..# #.#.##.# #.# ##.## #.#.##.#
#.# ####..# #.#.##.# #.# ......#
#.#....# #.#############
.###..###.#.#..# #.#...........#
.# #...##......###.#.####..###.#
.###.#.#.....#.#...#.#.##....#.#
.....#...._..#.#.###.#.##....#.#
.######.._8_...#@# #....#...<..#
.# #..._..###H# ####.#.##.### .#
#......# #.# #.#......# .#
#...#.## #.# #.####.#.# .#
#...#.####.# #.#†...#.# ##
#.....##...# #.##.###.#
###.#.##.########.##.# #.#
#####............##†##.# #.#
#...........####'##.##.###.#


You could see a hippogriff.

Vanquished Creatures
  10 adders
  A gnoll (D:3)
  A worm (D:2)
  5 dart slugs
  10 bats
  3 giant cockroaches (D:2)
  6 goblins
  5 hobgoblins
  5 jackals (D:1)
  A quokka (D:3)
  A ball python (D:1)
  A frilled lizard (D:2)
  3 kobolds
  10 rats
62 creatures vanquished.

Notes
Turn   | Place    | Note
-------+----------+-------------------------------------------
     0 | D:1      | Riddle the Gnoll Earth Elementalist began the quest for the
                  | Orb.
     0 | D:1      | Reached XP level 1. HP: 13/13 MP: 6/6
   206 | D:1      | Reached XP level 2. HP: 19/19 MP: 4/7
   214 | D:1      | Learned a level 2 spell: Passwall
   347 | D:1      | Reached XP level 3. HP: 19/25 MP: 5/9
   356 | D:1      | Reached skill level 5 in Spellcasting
   867 | D:2      | Reached skill level 1 in Invocations
  1056 | D:2      | Reached skill level 1 in Fighting
  1056 | D:2      | Reached skill level 1 in Short Blades
  1056 | D:2      | Reached skill level 1 in Long Blades
  1056 | D:2      | Reached skill level 1 in Axes
  1056 | D:2      | Reached skill level 1 in Maces & Flails
  1056 | D:2      | Reached skill level 1 in Polearms
  1056 | D:2      | Reached skill level 1 in Staves
  1056 | D:2      | Reached skill level 1 in Slings
  1056 | D:2      | Reached skill level 1 in Bows
  1056 | D:2      | Reached skill level 1 in Crossbows
  1056 | D:2      | Reached skill level 1 in Throwing
  1056 | D:2      | Reached skill level 1 in Armour
  1056 | D:2      | Reached skill level 1 in Shields
  1056 | D:2      | Reached skill level 1 in Unarmed Combat
  1056 | D:2      | Reached skill level 1 in Evocations
  1056 | D:2      | Reached XP level 4. HP: 23/32 MP: 11/11
  1417 | D:2      | Found a basalt altar of Yredelemnul.
  1417 | D:2      | Found a hide-covered altar of Uskayaw.
  1532 | D:2      | Found a snail-covered altar of Cheibriados.
  1532 | D:2      | Found a bloodstained altar of Trog.
  1547 | D:2      | Became a worshipper of Cheibriados the Contemplative
  1709 | D:2      | Reached skill level 1 in Conjurations
  1709 | D:2      | Reached skill level 1 in Hexes
  1709 | D:2      | Reached skill level 1 in Charms
  1709 | D:2      | Reached skill level 1 in Summonings
  1709 | D:2      | Reached skill level 1 in Necromancy
  1709 | D:2      | Reached skill level 1 in Translocations
  1709 | D:2      | Reached skill level 1 in Fire Magic
  1709 | D:2      | Reached skill level 1 in Ice Magic
  1709 | D:2      | Reached skill level 1 in Air Magic
  1709 | D:2      | Reached skill level 1 in Poison Magic
  1933 | D:3      | Reached XP level 5. HP: 37/37 MP: 10/12
  2276 | D:3      | Reached * piety under Cheibriados
  2311 | D:3      | Noticed a hippogriff
  2337 | D:2      | Slain by a hippogriff

Skill      XL: |  1  2  3  4 |
---------------+-------------+-----
Transmutations | 2 |  2.4
Spellcasting   | 5 |  5.2
Invocations    | 1 |  1.6
Fighting       | 1 |  1.4
Short Blades   | 1 |  1.4
Long Blades    | 1 |  1.4
Axes           | 1 |  1.4
Maces & Flails | 1 |  1.4
Polearms       | 1 |  1.4
Staves         | 1 |  1.4
Slings         | 1 |  1.4
Bows           | 1 |  1.4
Crossbows      | 1 |  1.4
Throwing       | 1 |  1.4
Armour         | 1 |  1.4
Shields        | 1 |  1.4
Unarmed Combat | 1 |  1.4
Evocations     | 1 |  1.4
Conjurations   | 1 |  1.1
Hexes          | 1 |  1.1
Charms         | 1 |  1.1
Summonings     | 1 |  1.1
Necromancy     | 1 |  1.1
Translocations | 1 |  1.1
Fire Magic     | 1 |  1.1
Ice Magic      | 1 |  1.1
Air Magic      | 1 |  1.1
Poison Magic   | 1 |  1.1
Dodging        | |  4.8
Stealth        | |  4.4
Earth Magic    | |  5.5

Action                   |  1- 3 |  4- 6 || total
-------------------------+-------+-------++-------
Melee: Club              |    47 |    29 ||    76
       Bite              |     3 |     6 ||     9
       Whip              |       |    18 ||    18
 Cast: Sandblast         |    32 |    28 ||    60
       Passwall          |       |     1 ||     1
 Stab: Sleeping          |     3 |     3 ||     6
  Eat: Chunk             |       |     5 ||     5
Armor: Robe              |     1 |       ||     1
       Leather armour    |    18 |    17 ||    35
Dodge: Dodged            |    67 |    66 ||   133
